 Dungeon Crawl Stone Soup version 0.21-a0-513-gdcb3f5e (webtiles) character file.

73 Gwenloh the Magician (level 4, -6/24 HPs)
             Began as a Kobold Wizard on Dec 1, 2017.
             Mangled by a worker ant (8 damage)
             ... on level 2 of the Dungeon.
             The game lasted 00:13:17 (2626 turns).

Gwenloh the Magician (Kobold Wizard)                Turns: 2626, Time: 00:13:18

Health: -6/24      AC:  2    Str:  4    XL:     4   Next: 51%
Magic:  0/10       EV: 15    Int: 20    God:
Gold:   83         SH:  0    Dex: 13    Spells: 5/11 levels left

rFire    . . .     SeeInvis .   g - +0 dagger
rCold    . . .     Gourm    .   (shield restricted)
rNeg     . . .     Faith    .   a - +0 robe
rPois    .         Spirit   .   b - +0 hat
rElec    .         Reflect  .   (no cloak)
rCorr    .         Harm     .   (no gloves)
MR       .....                  (no boots)
Stlth    ++........             (no amulet)
HPRegen  0.08/turn              (no ring)
MPRegen  0.12/turn              (no ring)

@: very slightly contaminated
A: small, carnivore 3
a: no special abilities


You were on level 2 of the Dungeon.
You were very full.

You visited 1 branch of the dungeon, and saw 3 of its levels.

You collected 83 gold pieces.

Inventory:

Hand Weapons
 g - a +0 dagger (weapon)
 p - a +0 falchion
Armour
 a - a +0 robe (worn)
 b - a +0 hat (worn)
 q - a +0 helmet
Jewellery
 e - an uncursed ring of protection from cold {unknown}
 s - an uncursed ring of positive energy {unknown}
Wands
 t - a wand of clouds (5)
Scrolls
 f - 3 scrolls of enchant weapon {unknown}
 h - a scroll of blinking {unknown}
 i - a scroll of identify {unknown}
 l - 4 scrolls of teleportation {unknown}
 n - a scroll of amnesia {unknown}
 o - a scroll of immolation {unknown}
Potions
 j - 2 potions of degeneration {unknown}
 k - 4 potions of curing {unknown}
 m - a potion of invisibility {unknown}
 r - a potion of flight {unknown}
Books
 c - a book of Minor Magic

   Spells                             Type                      Level
   a - Magic Dart                     Conjuration                  1
   b - Blink                          Translocation                2
   c - Call Imp                       Summoning                    2
   d - Slow                           Hexes                        2
   e - Conjure Flame                  Conjuration/Fire             3
   f - Mephitic Cloud                 Conjuration/Poison/Air       3
Comestibles
 d - a meat ration


   Skills:
 - Level 2.6 Dodging
 - Level 2.9 Stealth
 + Level 4.0 Spellcasting
 + Level 2.3 Conjurations
   Level 1.0 Summonings
 - Level 2.0 Translocations
 + Level 0.2 Fire Magic


You had 5 spell levels left.
You knew the following spells:

 Your Spells              Type           Power        Failure   Level  Hunger
a - Magic Dart            Conj           ##..         4%          1    None
b - Blink                 Tloc           N/A          9%          2    #......
c - Conjure Flame         Conj/Fire      #.......     22%         3    ###....


Dungeon Overview and Level Annotations

Branches:
Dungeon (3/15)

Altars:
Trog


Innate Abilities, Weirdness & Mutations

You are small and have problems with some larger weapons.
You are carnivorous and can eat meat at any time.


Message History

Press: ? - help, Shift-Dir - straight line, f - worker ant
Aim: a worker ant (heavily wounded)
The magic dart hits the worker ant.
The worker ant is heavily wounded.
The worker ant bites you.
* * * LOW HITPOINT WARNING * * *
The worker ant bites you.
* * * LOW HITPOINT WARNING * * *
Casting: Magic Dart
Confirm with . or Enter, or press ? or * to list all spells.
Aiming: Magic Dart
Press: ? - help, Shift-Dir - straight line, f/p - worker ant
Aim: a worker ant (heavily wounded)
You miscast Magic Dart.
You are very lightly contaminated with residual magic.
Your skin tingles.
The worker ant closely misses you.
You hit the worker ant.
The worker ant is heavily wounded.
The worker ant bites you!
You die...

##.#####..(.######..#
#.# #....
.........#......##รท.#
##.###.###
##...###....###.##..#
##.#.##.# ####.# ##..[#
#.....# #.###(#.# # #.#
###.###.###.# ##.#.##.#
# #.# #.....# #.#
#..###.# ####.#
####.#####.# #.## #.#
.....# #.......##.# #.#
#.# ######
#.#####@##.####.####.#
###.# #a##......>....#
########...#
#.........######
.........#.#
#.#########
##########.#####......#
#.......####.#
######### #.# #.#
######### #.# #.......#


You could see a worker ant.

Vanquished Creatures
  2 adders (D:2)
  A worm (D:2)
  2 dart slugs (D:1)
  4 orcs (D:2)
  3 giant cockroaches
  2 goblins (D:1)
  6 hobgoblins
  5 jackals (D:1)
  6 kobolds
  A ball python (D:1)
  2 bats (D:1)
  2 frilled lizards
  7 rats
43 creatures vanquished.

Notes
Turn   | Place    | Note
-------+----------+-------------------------------------------
     0 | D:1      | Gwenloh the Kobold Wizard began the quest for the Orb.
     0 | D:1      | Reached XP level 1. HP: 10/10 MP: 4/4
   189 | D:1      | Reached XP level 2. HP: 15/15 MP: 0/6
   313 | D:1      | Learned a level 2 spell: Blink
   686 | D:1      | Reached XP level 3. HP: 19/19 MP: 5/8
  1286 | D:2      | Found a bloodstained altar of Trog.
  1428 | D:2      | Reached XP level 4. HP: 24/24 MP: 4/9
  2223 | D:2      | Learned a level 3 spell: Conjure Flame
  2468 | D:3      | Reached skill level 4 in Spellcasting
  2626 | D:2      | Mangled by a worker ant

Vault maps used:
D:1:      dpeg_arrival_pits
D:2:      marbit_many_paths

Skill      XL: |  1  2  3  4 |
---------------+-------------+-----
Conjurations   | 2 |  2.3
Translocations | 2 |  2.0
Spellcasting   | 4 |  4.0
Dodging        | |  2.6
Stealth        | |  2.9
Summonings     | |  1.0
Fire Magic     | |  0.2

Action                   |  1- 3 |  4- 6 || total
-------------------------+-------+-------++-------
Melee: Unarmed           |    20 |       ||    20
       Dagger            |    42 |    64 ||   106
 Cast: Magic Dart        |    73 |    52 ||   125
       Blink             |     1 |     3 ||     4
  Eat: Chunk             |     9 |     3 ||    12
Armor: Robe              |     6 |       ||     6
Dodge: Dodged            |    72 |    50 ||   122

Table legend:
 A = Spawn XP
 B = Non-spawn XP
 C = Spawn XP percentage of total XP
 D = Spawn monster count
 E = Non-spawn monster count
 F = Spawn count percentage of total count
 G = Total turns spent on level
                    A         B        C        D         E        F      G
               +---------+---------+-------+---------+---------+-------+---------
         Total |       0 |     105 |   0.0 |       0 |      43 |   0.0 |  2626
               +---------+---------+-------+---------+---------+-------+---------
           D:1 |       0 |      45 |   0.0 |       0 |      24 |   0.0 |  1190
           D:2 |       0 |      48 |   0.0 |       0 |      11 |   0.0 |  1287
           D:3 |       0 |      12 |   0.0 |       0 |       8 |   0.0 |   149
               +---------+---------+-------+---------+---------+-------+---------
